 Dungeon Crawl Stone Soup version 0.19.0-19-g8c6edcc (webtiles) character file.

151 Monsterracer the Chopper (level 5, -13/55 HPs)
             Began as a Hill Orc Fighter on Nov 13, 2016.
             Was an Initiate of Okawaru.
             Mangled by an ogre
             ... wielding a +0 giant club
              (25 damage)
             ... on level 4 of the Dungeon.
             The game lasted 00:06:10 (2342 turns).

Monsterracer the Chopper (Hill Orc Fighter)         Turns: 2342, Time: 00:06:10

Health: -13/55     AC:  6    Str: 19      XL:     5   Next: 33%
Magic:  0/6        EV:  7    Int:  7 (8)  God:    Okawaru [......]
Gold:   58         SH:  9    Dex: 11      Spells: 0 memorised, 4 levels left

rFire  + . .     SeeInvis .     a - +0 war axe
rCold  . . .     Gourm    .     b - +0 scale mail
rNeg   . . .     Faith    .     c - +0 shield
rPois  .         Spirit   +     (no helmet)
rElec  .         Reflect  .     (no cloak)
rCorr  .         Harm     .     (no gloves)
MR     .....                    (no boots)
Stlth  ..........               k - amulet of guardian spirit
                                (no ring)
                                o - ring of protection from fire

@: no status effects
A: high mp 1, robust 2
a: Renounce Religion


You were on level 4 of the Dungeon.
You worshipped Okawaru.
Okawaru was noncommittal.
You were not hungry.

You visited 1 branch of the dungeon, and saw 4 of its levels.

You collected 58 gold pieces.

Inventory:

Hand Weapons
 a - a +0 war axe (weapon)
Armour
 b - a +0 scale mail (worn)
 c - a +0 shield (worn)
Jewellery
 k - an amulet of guardian spirit (around neck)
 o - a ring of protection from fire (left hand)
Scrolls
 e - 6 scrolls of fear {unknown}
 g - 4 scrolls of remove curse {unknown}
 i - 4 scrolls of identify {unknown}
 j - 3 scrolls of magic mapping {unknown}
 l - 3 scrolls of amnesia {unknown}
 m - a scroll of fog {unknown}
 p - a scroll of enchant armour {unknown}
Potions
 d - a potion of might
Comestibles
 f - a bread ration
 h - a fruit
 n - a meat ration
 q - 2 beef jerkies


   Skills:
 + Level 4.0 Fighting
 * Level 6.0 Axes
 + Level 3.6 Armour
 + Level 3.6 Shields
 + Level 1.3 Invocations


You had 4 spell levels left.
You didn't know any spells.

Dungeon Overview and Level Annotations

Branches:
Dungeon (4/15)
 Temple: D:4-7

Altars:
Fedhas
Okawaru


Innate Abilities, Weirdness & Mutations

You have an increased reservoir of magic. (+10% MP)
You are very robust. (+20% HP)


Message History

The ogre is severely wounded.
The ogre closely misses you.
You barely miss the ogre.
The ogre is severely wounded.
The ogre completely misses you.
You completely miss the ogre.
The ogre is severely wounded.
You block the ogre's attack.
You completely miss the ogre.
The ogre is severely wounded.
The ogre hits you with a giant club!!
You barely miss the ogre.
The ogre is severely wounded.
The ogre hits you with a giant club!
* * * LOW HITPOINT WARNING * * *
You are too injured to fight recklessly!
You hit the ogre but do no damage.
The ogre is severely wounded.
The ogre hits you with a giant club!!
You die...

§ §§ .§§ ...
.. ######.#
#...@O.#
#.....##
####.....##
#<...........
####.....####
####.....
......
.......
......


You could see an ogre.

Vanquished Creatures
  A hound (D:4)
  2 adders (D:2)
  2 oozes (D:3)
  4 worms
  2 dart slugs (D:1)
  3 leopard geckos
  3 giant cockroaches
  8 goblins
  17 hobgoblins
  2 jackals (D:3)
  2 quokkas (D:3)
  5 bats
  4 frilled lizards
  7 kobolds
  14 rats
76 creatures vanquished.

Notes
Turn   | Place    | Note
-------+----------+-------------------------------------------
     0 | D:1      | Monsterracer the Hill Orc Fighter began the quest for the Orb.
     0 | D:1      | Reached XP level 1. HP: 19/19 MP: 1/1
    40 | D:1      | Reached skill level 3 in Axes
    40 | D:1      | Reached XP level 2. HP: 24/27 MP: 2/2
   106 | D:1      | Gained mutation: You have an increased reservoir of magic. (+10% MP) [potion of mutation]
   106 | D:1      | Gained mutation: You are robust. (+10% HP) [potion of mutation]
   106 | D:1      | Gained mutation: You are very robust. (+20% HP) [potion of mutation]
   317 | D:1      | Reached skill level 4 in Axes
   317 | D:1      | Reached XP level 3. HP: 39/39 MP: 3/3
  1101 | D:2      | Reached skill level 5 in Axes
  1154 | D:2      | Reached XP level 4. HP: 46/48 MP: 4/4
  1427 | D:2      | Found an iron altar of Okawaru.
  1436 | D:2      | Became a worshipper of Warmaster Okawaru
  2057 | D:3      | Reached XP level 5. HP: 52/55 MP: 5/5
  2301 | D:3      | Found a blossoming altar of Fedhas.
  2332 | D:4      | Noticed an ogre
  2333 | D:4      | Reached skill level 6 in Axes
  2333 | D:4      | Reached skill level 1 in Invocations
  2342 | D:4      | Mangled by an ogre

Skill      XL: |  1  2  3  4  5 |
---------------+----------------+-----
Axes           | 3 4 5 6 |  6.0
Fighting       | 4 |  4.0
Invocations    | 1 |  1.3
Armour         | |  3.6
Shields        | |  3.6

Action                   |  1- 3 |  4- 6 || total
-------------------------+-------+-------++-------
Melee: War axe           |   105 |   135 ||   240
  Use: Potion            |     4 |       ||     4
  Eat: Chunk             |     1 |     4 ||     5
Armor: Scale mail        |    57 |    50 ||   107
Dodge: Dodged            |    33 |    38 ||    71
Block: Shield            |    58 |    72 ||   130
